 Dungeon Crawl Stone Soup version 0.32-a0-685-g93135e86f0 (webtiles) character file.

Game seed: 10202505577457220861

162 croobank the Sneak (level 5, 0/42 HPs)
             Began as a Demonspawn Delver on Mar 12, 2024.
             Slain by a goblin
             ... wielding a +2 dagger of distortion
             ... led by Robin
              (3 damage)
             ... on level 3 of the Dungeon.
             The game lasted 00:04:30 (2106 turns).

croobank the Sneak (Demonspawn Delver)              Turns: 2106, Time: 00:04:30

Health: 0/42       AC:  7    Str: 13    XL:     5   Next: 19%
Magic:  5/5        EV: 12    Int: 12    God:
Gold:   132        SH:  0    Dex: 14    Spells: 4/4 levels left

rFire   . . .        p - +0 dagger (drain)
rCold   . . .        (no shield)
rNeg    . . .        b - +0 leather armour
rPois   .            (no helmet)
rElec   .            (no cloak)
rCorr   .            w - +1 pair of gloves {Stlth+}
SInv    .            (no boots)
Will    .....        (no amulet)
Stlth   ++++         (no ring)
HPRegen 0.27/turn    (no ring)
MPRegen 0.09/turn

%: no passive effects
@: no status effects
A: thin metallic scales 1, condensation shield, weakness stinger 1
a: no special abilities


You were on level 3 of the Dungeon.
You visited 1 branch of the dungeon, and saw 6 of its levels.

You collected 132 gold pieces.

Inventory:

Hand Weapons
 a - a +0 short sword
 p - a +0 dagger of draining (weapon)
 s - a +0 trident
Missiles
 j - 2 poisoned darts (quivered)
 q - 5 boomerangs
Armour
 b - a +0 leather armour (worn)
 f - a +0 ring mail
 w - a +1 pair of gloves of stealth (worn)
Talismans
 i - a granite talisman
Wands
 g - a wand of digging (3)
Scrolls
 c - 2 scrolls of fog
 d - 3 scrolls of revelation
 e - a scroll of fear
 l - a scroll of summoning {unknown}
 n - 3 scrolls of identify {unknown}
 r - a scroll of immolation {unknown}
 u - a scroll of vulnerability {unknown}
Potions
 h - a potion of magic {unknown}
 k - a potion of lignification {unknown}
 m - a potion of cancellation {unknown}
 o - a potion of curing {unknown}
 t - a potion of mutation {unknown}
 v - a potion of might {unknown}


   Skills:
 + Level 3.9 Fighting
 + Level 2.9 Short Blades
 + Level 2.8 Dodging
 + Level 5.2 Stealth


You had 4 spell levels left.
You didn't know any spells.
Your spell library contained the following spells:

 Spells                   Type           Power      Damage    Failure   Level
 Apportation              Tloc           0%         N/A       38%         1
 Call Imp                 Summ           0%         N/A       54%         2
 Jinxbite                 Hex            0%         N/A       54%         2
 Sublimation of Blood     Necr           0%         N/A       54%         2
 Alistair's Intoxication  Alch           0%         N/A       100%        5
 Summon Hydra             Summ           0%         N/A       100%        7


Dungeon Overview and Level Annotations

Branches:
Dungeon (6/15)
 Temple: D:4-7

Altars:

Annotations:
D:3 Robin


Innate Abilities, Weirdness & Mutations

You are partially covered in thin metallic scales. (AC +2)
A meltable shield of frost defends you. (SH +0)
You have a small tail.


Message History

Robin says, "Duck!"
Robin barely misses you.
The hobgoblin hits you but does no damage.
You climb downwards.
There is a stone staircase leading up here.
You hit the hobgoblin. You drain the hobgoblin.
You kill the hobgoblin!
The goblin closely misses you.
You barely miss the hobgoblin. The hobgoblin barely misses you.
The goblin closely misses you.
You hit the hobgoblin. You drain the hobgoblin.
Your tail-slap misses the hobgoblin.
The hobgoblin is almost dead.
The hobgoblin hits you but does no damage.
The goblin hits you but does no damage.
You hit the hobgoblin but do no damage.
The hobgoblin is almost dead.
The hobgoblin misses you. The goblin closely misses you.
You hit the hobgoblin.
You kill the hobgoblin!
The goblin completely misses you.
You hit the goblin. You drain the goblin.
You kill the goblin!
No target in view!
No target in view!
You climb upwards.
Level annotation: Robin The goblin shouts!
The goblin hits you with a +0 dagger. The hobgoblin hits you.
Robin throws the goblin at you!
The goblin hits you with a +2 dagger of distortion.
Space warps horribly around you!!
Ouch! That really hurt!
* * * LOW HITPOINT WARNING * * *
The hobgoblin closely misses you. The goblin closely misses you.
There is a stone staircase leading down, spattered with blood here.
The goblin closely misses you. The hobgoblin hits you.
* * * LOW HITPOINT WARNING * * *
The goblin hits you but does no damage. Space warps around you.
You die...

######## ###......########
#..............g.
#################g#......########
...............g@......g.......#
################g#.......#####.##
#.............g....###.....
#.##...###.##......##.....# #####
#.##...# #.##########...... ....#
#......# #.#....# #...#.# ###.#
#......# #.#.##.# #.....# #.#
#..[...# #.#.##.#####...### #.#
#....### #.#.##.........# #


You could see Robin, 2 hobgoblins and 2 goblins.

Vanquished Creatures
  A bullfrog (D:6)
  Terence (D:3)
  An adder (D:2)
  A dart slug (D:1)
  A ribbon worm (D:2)
  An orc (D:5)
  4 ball pythons
  2 endoplasms (D:1)
  A giant cockroach (D:3)
  10 goblins
  8 hobgoblins
  3 jackals (D:1)
  5 kobolds
  3 quokkas
  4 bats
  2 frilled lizards (D:1)
  13 rats
61 creatures vanquished.

Notes
Turn   | Place    | Note
-------+----------+-------------------------------------------
     0 | D:5      | croobank the Demonspawn Delver began the quest for the Orb.
     0 | D:5      | Reached XP level 1. HP: 18/18 MP: 1/1
     1 | D:6      | Noticed a bullfrog
     6 | D:6      | Killed a bullfrog
     7 | D:6      | Gained mutation: A meltable shield of frost defends you.
                  | (SH +0) [demonic ancestry]
     7 | D:6      | Reached XP level 2. HP: 19/24 MP: 2/2
     7 | D:6      | Gained mutation: You are partially covered in thin metallic
                  | scales. (AC +2) [demonic ancestry]
     7 | D:6      | Reached XP level 3. HP: 23/29 MP: 3/3
   237 | D:2      | Reached XP level 4. HP: 35/35 MP: 4/4
   480 | D:1      | Reached skill level 5 in Stealth
  1820 | D:3      | Noticed Terence
  1822 | D:3      | Killed Terence
  1823 | D:3      | Gained mutation: You have a small tail. [demonic ancestry]
  1823 | D:3      | Reached XP level 5. HP: 42/42 MP: 5/5
  2067 | D:3      | Noticed Robin
  2106 | D:3      | Slain by a goblin

Illustrated notes

Levels and vault maps discovered:
D:1:      ldierk_walled_garden, layout_loops_ring, hangedman_decor_points,
          nicolae_houndstooth_variations
D:2:      layout_loops_ring
D:3:      layout_basic, uniq_robin, uniq_terence
D:4:      layout_basic, mainiacjoe_overflow_alcove_4, hex_intersection,
          uniq_sigmund, uniq_blork_the_orc
D:5:      layout_loops_ring, overflow_temple_1_default, blue_anna_alchemist,
          minmay_misc_feat_cross, serial_library_hellmonk_big_corner,
          nrook_mini_vaults
D:6:      layout_rooms, lemuel_tele_altar, tgw_sif,
          minmay_temple_entry_nine_rooms

Skill      XL: |  1  2  3  4 |
---------------+-------------+-----
Short Blades   | 2 |  2.9
Dodging        | 2 |  2.8
Stealth        | 5 |  5.2
Fighting       | |  3.9

Action                     |  1- 3 |  4- 6 || total
---------------------------+-------+-------++-------
  Melee: Short sword       |    39 |    95 ||   134
         Dagger            |       |    80 ||    80
         Tailslap          |       |     2 ||     2
  Throw: Dart              |       |     2 ||     2
    Use: Scroll            |     1 |       ||     1
         Potion            |     1 |       ||     1
   Stab: Sleeping          |     2 |    12 ||    14
         Distracted        |       |     1 ||     1
 Armour: Leather armour    |    12 |    83 ||    95
  Dodge: Dodged            |    20 |    93 ||   113
  Block: Other             |     3 |    24 ||    27

Table legend: (Time is in decaauts)
 A = Elapsed time spent in this place.
 B = Non-inter-level travel time spent in this place.
 C = Inter-level travel time spent in this place.
 D = Time resting spent in this place.
 E = Time spent auto-exploring this place.
 F = Levels seen in this place.
 G = Mean time per level.
                   A        B        C        D        E       F      G
               +--------+--------+--------+--------+--------+-----+--------+
         Total |   2060 |   1990 |     70 |     25 |   1365 |   6 |  343.3 |
       Dungeon |   2060 |   1990 |     70 |     25 |   1365 |   6 |  343.3 |
               +--------+--------+--------+--------+--------+-----+--------+

Top non-repeatable levels by time:
     D:1: 766 daAuts
     D:2: 748 daAuts
     D:3: 425 daAuts
     D:6: 53 daAuts
     D:4: 39 daAuts
     D:5: 27 daAuts
